Map: Zen LE

Players

richardxd

  • Race: Terran Terran
  • League: Gold
  • Spawn Location: 7:00

antagomiR - Winner!

  • Race: Protoss Protoss
  • League: Gold
  • Spawn Location: 1:00

VOD

Have the link to the VOD?

Description

Time

  • Played on: April 19, 2020, 2:14 p.m.
  • Length: 13:55
Show
View Real Time Build Order
Export as new Build Order

richardxd Terran 

Build Orders: 2 Factory 

Get SALT Encoding   

  12  0:01  SCV  
  13  0:13  SCV  
  14  0:18  Supply Depot  
  14  0:24  Refinery  
  14  0:48  Barracks  
  14  0:49  SCV  
  15  0:52  Refinery  
  15  1:10  SCV  
  16  1:15  Supply Depot  
  16  1:23  SCV  
  17  1:35  SCV  
  17  1:37  Barracks Reactor  
  18  1:45  Factory  
  18  1:49  SCV  
  19  2:01  Factory  
  19  2:15  Orbital Command  
  19  2:21  Marine  
  20  2:25  Marine  
  21  2:31  Factory Tech Lab  
  21  2:44  Marine x2  
  22  2:46  Factory Tech Lab  
  23  3:01  Cyclone  
  23  3:04  Marine  
  27  3:07  Marine  
  28  3:21  Cyclone  
  31  3:33  Siege Tank  
  34  3:53  Cyclone  
  37  4:01  Marine x2  
  39  4:08  Supply Depot  
  39  4:16  Cyclone  
  42  4:20  Marine  
  42  4:24  Marine  
  44  4:37  Marine  
  45  4:41  Marine  
  45  4:45  Starport  
  46  5:11  Marine x2  
  51  5:28  Marine, Cyclone x2  
  55  5:51  Marine  
  51  6:17  Cyclone  
  54  6:18  Marine  
  54  6:23  Marine  
  55  6:27  Cyclone  
  53  6:36  Marine  
  54  6:42  Marine  
  54  6:44  Starport Reactor  
  55  6:49  Command Center  
  55  7:08  Marine  
  55  7:35  Marine x2, Viking x2  
  60  7:52  Marine x2  
  57  8:13  Siege Tank  
  57  8:14  Viking  
  38  8:37  Marine  
  38  8:38  Marine  
  40  8:41  Viking  
  42  8:55  Marine  
  38  8:59  Cyclone  
  42  9:03  SCV  
  42  9:07  Marine  
  44  9:17  SCV  
  44  9:19  SCV  
  44  9:21  Refinery  
  46  9:38  Cyclone  
  49  9:39  Cyclone  
  49  9:43  SCV  
  53  9:48  SCV  
  54  9:56  Orbital Command  
  54  10:00  SCV  
  54  10:05  Viking  
  57  10:07  Viking  
  59  10:21  Mag-Field Accelerator  
  59  10:26  Armory  
  59  10:28  SCV  
  59  10:29  SCV  
  59  10:34  Marine x2  
  63  10:36  Siege Tank  
  63  10:42  Cyclone  
  69  10:46  SCV  
  69  10:49  SCV  
  71  10:52  Marine x2  
  73  10:58  Supply Depot  
  73  11:10  Starport  
  73  11:19  Viking  
  73  11:20  Viking  
  73  11:24  Terran Vehicle Weapons Level 1  
  77  11:28  Marine x2  
  79  11:37  Siege Tank  
  82  11:46  Marine x2  
  84  11:50  Starport Tech Lab  
  84  12:04  Marine x2  
  86  12:17  Cyclone  
  86  12:22  Marine  
  72  12:27  Marine  
  56  12:39  Marine  
  54  12:44  Marine, Cyclone  
  54  12:47  Viking x2  
  54  12:49  Cyclone  
  54  12:51  Raven  
  67  12:57  Marine  
  68  12:59  Barracks  
  68  13:02  Marine  
  68  13:04  SCV, Barracks  
Show
View Real Time Build Order
Export as new Build Order

antagomiR Protoss - Winner!

Build Orders: Colossus Rush 

Get SALT Encoding   

  12  0:01  Probe  
  13  0:13  Probe  
  14  0:20  Pylon  
  14  0:25  Probe  
  15  0:39  Gateway  
  16  0:42  Probe (Chrono Boost)  
  16  0:53  Probe (Chrono Boost)  
  16  0:55  Assimilator  
  17  0:57  Probe (Chrono Boost)  
  18  1:09  Probe  
  18  1:10  Assimilator  
  19  1:21  Probe  
  20  1:26  Cybernetics Core  
  20  1:36  Probe  
  21  1:46  Pylon  
  20  1:48  Probe  
  21  1:59  Warp Gate (Chrono Boost)  
  21  2:00  Probe  
  22  2:04  Adept  
  24  2:14  Probe, Robotics Facility  
  25  2:26  Probe  
  26  2:40  Nexus  
  26  2:42  Probe  
  26  2:44  Pylon  
  27  2:46  Adept (Chrono Boost)  
  29  2:59  Probe  
  29  3:01  Observer  
  31  3:11  Probe, Gateway  
  32  3:22  Stalker  
  32  3:23  Probe, Observer  
  36  3:35  Probe  
  37  3:42  Gateway  
  37  3:47  Probe  
  37  3:48  Pylon  
  38  3:53  Pylon  
  38  4:01  Probe x2  
  40  4:07  Stalker  
  40  4:08  Sentry  
  44  4:13  Probe x2  
  46  4:20  Robotics Bay  
  46  4:27  Pylon  
  46  4:36  Pylon  
  46  4:37  Shield Battery  
  46  4:47  Stalker  
  46  4:48  Stalker  
  46  4:49  Zealot  
  52  5:02  Probe  
  52  5:03  Probe  
  54  5:09  Extended Thermal Lance  
  54  5:14  Probe, Colossus  
  54  5:15  Probe  
  62  5:27  Pylon, Sentry, Zealot  
  66  5:35  Probe  
  66  5:36  Probe  
  67  5:44  Zealot  
  67  5:48  Probe  
  70  5:54  Stalker  
  70  5:55  Stalker  
  60  6:17  Stalker x2  
  62  6:21  Stalker  
  62  6:32  Probe x2  
  58  6:36  Shield Battery  
  58  6:41  Stalker  
  58  6:42  Stalker  
  58  6:44  Probe x2  
  64  6:52  Gateway  
  64  6:55  Gateway  
  64  6:56  Probe x2  
  66  7:04  Colossus  
  66  7:08  Probe  
  73  7:12  Stalker  
  75  7:16  Zealot x2  
  79  7:27  Gateway  
  79  7:32  Probe x2  
  81  7:38  Assimilator  
  81  7:42  Assimilator  
  81  7:46  Forge  
  81  7:54  Twilight Council, Stalker x2  
  82  8:26  Probe x2  
  74  8:38  Probe x2, Nexus  
  74  8:41  Protoss Ground Weapons Level 1 (Chrono Boost), Pylon  
  76  8:43  Pylon  
  76  8:45  Colossus  
  82  8:50  Probe x2  
  84  9:02  Probe  
  85  9:05  Pylon  
  85  9:06  Pylon  
  85  9:08  Probe  
  85  9:09  Assimilator, Zealot x3  
  92  9:10  Charge (Chrono Boost)  
  92  9:14  Probe, Shield Battery  
  93  9:28  Shield Battery  
  93  9:38  Gateway  
  93  9:40  Stalker x3  
  99  9:49  Probe x2  
  99  9:50  Probe  
  102  9:59  Assimilator  
  102  10:01  Assimilator  
  102  10:02  Probe x2  
  104  10:09  Colossus  
  104  10:13  Zealot  
  112  10:15  Zealot  
  114  10:29  Stalker x2  
  114  10:30  Zealot x2  
  122  10:39  Probe x2  
  122  10:40  Probe  
  125  10:45  Pylon  
  125  10:47  Pylon  
  125  10:49  Protoss Ground Weapons Level 2 (Chrono Boost)  
  125  10:51  Probe  
  125  10:55  Photon Cannon  
  126  10:57  Photon Cannon  
  126  11:03  Photon Cannon  
  126  11:08  Photon Cannon  
  126  11:11  Photon Cannon  
  126  11:12  Photon Cannon  
  126  11:14  Probe, Photon Cannon  
  126  11:16  Probe x2  
  129  11:30  Zealot x3  
  129  11:31  Zealot x3  
  141  11:38  Templar Archives  
  141  11:42  Probe x3  
  144  11:49  Colossus  
  144  11:54  Probe x2  
  152  11:55  Probe  
  153  12:03  Sentry x2  
  157  12:19  Probe x2  
  135  12:32  Stalker x2  
  135  12:33  High Templar x2  
  135  12:34  High Templar x3  
  143  12:52  Warp Prism  
  141  13:19  Stalker x6  
  147  13:20  Stalker  
  145  13:35  Archon x2  
Tags
 
League
GoldGold
Matchup
PvT
Opening
2 Factory
Replay Pack
20200422
Spawn Locations
Cross Positions
Add a new tag
Caveats
  • Supply blocks, unpowered buildings, or Contaminate may cause inaccurate times.
  • Supply counts are checked every 10 seconds.